 Dungeon Crawl Stone Soup version 0.17-a0-1691-g18a3847 (console) character file.

13 Monkaria the Ducker (level 2, 0/14 HPs)
             Began as a Felid Fighter on Aug 20, 2015.
             Slain by a giant newt (2 damage)
             ... on level 1 of the Dungeon.
             The game lasted 00:00:25 (501 turns).

Monkaria the Ducker (Felid Fighter)                  Turns: 501, Time: 00:00:25

Health: 0/14       AC:  1    Str: 12    XL:     2   Next: 24%
Magic:  3/3        EV: 19    Int:  9    God:
Gold:   17         SH:  0    Dex: 15    Spells: 0 memorised, 1 level left
                                        Lives:  0   Deaths: 0

rFire  . . .     SeeInvis +       - Unarmed
rCold  . . .     Clarity  .     (armour unavailable)
rNeg   . . .     SustAt   .     (shield unavailable)
rPois  .         Gourm    .     (helmet unavailable)
rElec  .         Spirit   .     (cloak unavailable)
rCorr  .         Warding  .     (gloves unavailable)
rMut   .         Stasis   .     (boots unavailable)
MR     .....                    (no amulet)
Stlth  +++.......               (no ring)
                                (no ring)

@: lethally poisoned (0 -> -4), quick, not resistant to hostile enchantments,
fairly stealthy
A: no armour, no weapons or thrown items, claws 1, fangs 3, see invisible,
carnivore 3, speed 1, shaggy fur 1, slow metabolism 1, sharp paws
a: no special abilities


You were on level 1 of the Dungeon.
You were not hungry.

You visited 1 branch of the dungeon, and saw 2 of its levels.

You collected 17 gold pieces.

Inventory:

Scrolls
 d - a scroll of blinking {unknown}
Potions
 a - 2 potions of might
 c - a potion of agility {unknown}
Comestibles
 b - a meat ration


   Skills:
 - Level 3.0 Fighting
 - Level 4.0 Dodging
 + Level 2.8 Stealth
 - Level 4.0 Unarmed Combat


You had one spell level left.
You didn't know any spells.

Dungeon Overview and Level Annotations

Branches:
Dungeon (2/15)

Altars:


Innate Abilities, Weirdness & Mutations

You cannot wear armour.
You are incapable of wielding weapons or throwing items.
You have sharp claws.
You have razor-sharp teeth.
You have supernaturally acute eyesight.
You are carnivorous and can eat meat at any time.
You cover ground quickly.
You are covered in fur (AC +1).
You have a slow metabolism.
Your sharp claws are effective at attacking unaware monsters.


Message History

There is a stone staircase leading down here.
You miss the adder.
You feel sick. The giant newt closely misses you.
The adder completely misses you. The goblin misses you.
You miss the adder. Your bite misses the adder. The adder closely misses you.
The giant newt bites you. The goblin misses you.
You scratch the adder but do no damage. Your bite misses the adder.
You feel sick. The adder completely misses you. The giant newt misses you.
The goblin closely misses you.
You barely miss the adder. The adder barely misses you.
The giant newt barely misses you. The goblin hits you. The adder misses you.
You scratch the adder.
The adder is lightly wounded.
The giant newt closely misses you. The goblin hits you.
* * * LOW HITPOINT WARNING * * *
The adder bites you.
* * * LOW HITPOINT WARNING * * *
You closely miss the adder.
The adder is lightly wounded.
The adder bites you but does no damage. The giant newt bites you.
You die...

#########
#..#..%....#
.........
##........##
.#######.
#.......)###
.#######.
#...........
.........
#...........
.########
#...........
.#......#
#...........
.#.####.#
###gl###....
.#.#.<#.#
##@# ....
.#....#.#
#S# ...
.######[#
#.# ..
........##
#.#
.######..#
#.#
.######..#
#.#
.........#
#.#
..########
#.# ###


You could see an adder, a goblin and a giant newt.

Vanquished Creatures
  A hobgoblin (D:1)
  4 jackals (D:1)
  3 kobolds
  2 bats (D:1)
  A goblin (D:1)
11 creatures vanquished.

Notes
Turn   | Place    | Note
--------------------------------------------------------------
     0 | D:1      | Monkaria the Felid Fighter began the quest for the Orb.
     0 | D:1      | Reached XP level 1. HP: 10/10 MP: 2/2
    81 | D:1      | Reached skill level 1 in Stealth
   134 | D:1      | Reached XP level 2. HP: 8/14 MP: 3/3
   501 | D:1      | Slain by a giant newt

Vault maps used:
D:1:      zelgadis_glass_arrival_small
D:2:      grunt_temple_overflow_growth_and_decay, overflow_temple_1_default,
          grunt_ministairs_10

Action                   || total
-------------------------++-------
Melee: Unarmed           ||    36
 Stab: Sleeping          ||     1
